Cogmind - Beta 17 @@@ ROGUE MODE // 2026.07.25 @ 00:35:02 Player: rz Result: Destroyed by G-73 Enforcer with Heavy Laser Performance ------------- Evolutions (9) 4500 Regions Visited (15) 3000 Robots Destroyed (132) 660 Value Destroyed (5817) 5817 Prototype IDs (20) 400 Alien Tech Used (0) 0 Bonus (1895) 1895 TOTAL SCORE: 16272 Bonus ------- High Alert Combat Kills 34 Follower Combat Kills 561 Entered DSFs 500 Registered with UFD 300 Met Optimus in HQ 500 Cogmind --------- Core Integrity 0/1600 Matter 95/300 Energy 73/100 System Corruption 5% Temperature Cool (0) Movement Flying (27) Location -1/Access Parts ------- > --- POWER (4) -------- (None) > --- PROPULSION (4) --- Cooled Q-thruster > --- UTILITY (10) ----- (None) > --- WEAPON (7) ------- (None) > --- INVENTORY (5) ---- Advanced Heat Sink Medium Armor Plating Graphene Brace Advanced Component Analysis Suite Peak State ------------ > --- POWER ------------ Micro Antimatter Reactor Light Quantum Reactor > --- PROPULSION ------- Centrium Wheel Centrium Wheel > --- UTILITY ---------- Advanced Cryofiber Web Advanced Heat Sink Huge Storage Unit Advanced Sensor Array Experimental Signal Interpreter Advanced Terrain Scanner Advanced Terrain Scan Processor Improved Weapon Cycler Makeshift Ablative Armor Graphene Brace > --- WEAPON ----------- Tesla Rifle Gamma Rifle Gamma Rifle Gamma Rifle KE Penetrator KE Penetrator KE Penetrator > --- INVENTORY -------- Light Antimatter Reactor Compact Wheel Compact Wheel Advanced Cryofiber Web Advanced Cryofiber Web Advanced Heat Sink Matter Compressor Improved Trap Scanner Advanced Target Analyzer Advanced ECM Suite Medium Armor Plating Experimental Focal Shield EM Shield Advanced Component Analysis Suite Plasma Rifle Coil Gun Coil Gun KE Penetrator Gamma Bomb Array Gamma Bomb Array Gamma Bomb Array Hammer DRS Beacon [Rating: 145] Favorites ----------- Power Light Antimatter Reactor Engine Improved Ion Engine Power Core Neutrino Core Reactor Light Antimatter Reactor Propulsion Compact Wheel Treads Light Treads Wheel Compact Wheel Hover Unit Gyrokinetic Inverter Flight Unit Cooled Q-thruster Utility Huge Storage Unit Device Advanced Heat Sink Storage Huge Storage Unit Processor Improved Signal Interpreter Protection Powered Armor Weapon KE Penetrator Energy Gun Small Laser Energy Cannon Advanced Beam Cannon Ballistic Gun KE Penetrator Ballistic Cannon Enhanced Hardcell Cannon Launcher Gamma Bomb Array Impact Weapon Hammer Build | -11 -10 -10 -9 -9 -9 -9 -6 -6 -5 -5 -5 -4 -3 -2 -1 ------- Run | Yrd Mat Min Mat Sto Rec Scr Fac DSF Fac Upp Upp Fac Res Res Acc Slots Evolved 18 | . . . 2 . . . 6 . 2 . . 2 2 2 2 Power 3 | . . . . . . . 1 . . . . . . 2 . Propulsion 2 | . . . . . . . . . . . . . . . 2 Utility 8 | . . . 1 . . . 2 . 2 . . 1 2 . . Weapon 5 | . . . 1 . . . 3 . . . . 1 . . . Parts Attached 147 | 6 11 3 5 11 5 1 7 9 3 10 . 30 25 9 12 Power 20 | 1 2 1 1 1 . . . 2 1 1 . 5 3 . 2 Engine 7 | 1 2 1 1 1 . . . 1 . . . . . . . Core 3 | . . . . . . . . 1 1 . . 1 . . . Reactor 10 | . . . . . . . . . . 1 . 4 3 . 2 Propulsion 25 | 2 4 . . 3 2 1 . . . . . 4 1 1 7 Treads 6 | 2 . . . 3 1 . . . . . . . . . . Leg . | . . . . . . . . . . . . . . . . Wheel 11 | . 4 . . . 1 1 . . . . . 4 1 . . Hover 6 | . . . . . . . . . . . . . . 1 5 Flight 2 | . . . . . . . . . . . . . . . 2 Utility 49 | 1 3 1 1 2 1 . 4 . 2 6 . 13 8 5 2 Device 30 | . 2 1 . . . . 3 . . 3 . 9 7 3 2 Storage 4 | 1 1 . . 1 . . . . . . . 1 . . . Processor 8 | . . . 1 . . . 1 . 1 . . 2 1 2 . Hackware . | . . . . . . . . . . . . . . . . Protection 7 | . . . . 1 1 . . . 1 3 . 1 . . . Artifact . | . . . . . . . . . . . . . . . . Weapon 53 | 2 2 1 3 5 2 . 3 7 . 3 . 8 13 3 1 Energy Gun 12 | 2 2 1 1 1 . . . . . . . . 4 1 . Energy Cannon 1 | . . . 1 . . . . . . . . . . . . Ballistic Gun 33 | . . . . 4 1 . 3 7 . 2 . 8 8 . . Ballistic Cannon 1 | . . . . . . . . . . . . . . . 1 Launcher 5 | . . . . . 1 . . . . 1 . . 1 2 . Special Weapon . | . . . . . . . . . . . . . . . . Impact Weapon 1 | . . . 1 . . . . . . . . . . . . Slashing Weapon . | . . . . . . . . . . . . . . . . Piercing Weapon . | . . . . . . . . . . . . . . . . Special Melee Weapon . | . . . . . . . . . . . . . . . . Unidentified Prototypes 6 | . . . 1 2 . . . . . . . . 1 1 1 Parts Lost 74 | . 6 2 . 2 2 . . 6 . 2 . 16 27 6 5 Power 11 | . 2 1 . . . . . 2 . . . 2 3 . 1 Propulsion 12 | . 2 . . 1 1 . . . . . . 2 2 2 2 Utility 18 | . . . . . 1 . . . . . . 4 9 2 2 Weapon 33 | . 2 1 . 1 . . . 4 . 2 . 8 13 2 . Highest Loss Streak 15 | . 6 1 . 1 2 . . 6 . 1 . 8 15 3 3 To Critical Strikes . | . . . . . . . . . . . . . . . . Average Backups 19 | 2 8 14 14 13 19 22 22 22 22 23 23 22 22 6 4 Power 1 | . . . . 1 2 2 2 1 1 2 2 2 . . . Propulsion 3 | 1 4 4 3 3 5 6 6 5 4 3 3 2 2 . . Utility 8 | . . 2 2 3 6 7 8 7 8 9 10 11 13 5 3 Weapon 6 | . 3 7 7 4 6 7 5 8 9 8 8 5 5 . . Tool/Special . | . . . . . . . . . . . . . . . . Unused Backups 27 | . . 2 . 5 . . . 4 . 2 . 3 4 5 2 Power 2 | . . . . . . . . . . . . 2 . . . Propulsion 5 | . . . . . . . . 1 . . . 1 3 . . Utility 12 | . . 1 . . . . . 2 . 2 . . 1 4 2 Weapon 8 | . . 1 . 5 . . . 1 . . . . . 1 . Tool/Special . | . . . . . . . . . . . . . . . . Average Slot Usage (%) 92 | . 90 99 99 99 99 100 78 94 96 98 100 98 97 23 8 Engine 5 | . 13 13 11 11 11 11 6 7 5 5 5 . . . . Reactor 3 | . . . . . . . . . . 3 5 9 8 1 . Treads 2 | . 2 . . 7 11 2 . . . . . . . . . Wheel 12 | . 23 28 22 14 10 19 13 13 11 11 11 9 9 2 . Device 16 | . 9 14 17 11 11 11 14 20 17 13 11 22 31 6 . Storage 7 | . 14 14 11 11 11 11 6 6 5 5 5 5 4 1 . Processor 4 | . . . 3 4 . . 3 6 9 5 5 5 8 2 1 Protection 6 | . . . . 6 10 11 2 . 2 13 17 6 . . . Energy Gun 2 | . 26 27 28 1 . . . . . . . . 3 1 . Ballistic Gun 27 | . . . . 30 33 33 28 39 35 34 35 35 26 2 . Peak Build Rating 145 | 6 10 14 19 20 22 23 39 62 75 87 87 115 145 88 49 Average Rating 63 | 4 8 13 16 19 21 22 32 47 69 82 87 107 128 33 16 On Entrance 39 | . 6 10 14 14 20 22 23 39 62 75 87 87 106 55 7 Avg Prop Armor Cover (%) 7 | . . . . 6 7 7 . . . . . . . . 9 Naked Turns 183 | . . . . . . . . . . . . . . 115 68 Heaviest Build 174 | 12 32 32 36 100 104 104 109 127 146 169 165 174 158 136 25 Greatest Support 40 | 40 40 32 32 32 40 32 32 32 32 32 32 32 32 32 33 Greatest Overweight (x) 9 | . 2 . 1 6 6 6 3 3 4 5 5 9 4 4 1 Average Overweight (x) 3 | . . . . 2 5 3 3 3 3 4 5 4 3 . . Largest Inventory Capacity 25 | 8 15 15 15 25 25 25 25 25 25 25 25 25 25 25 5 Average Capacity 22 | 7 13 15 15 17 25 25 25 25 25 25 25 25 25 11 5 Most Carried 25 | 6 12 15 15 18 21 24 25 25 25 25 25 25 25 18 5 Average Carried 20 | 2 8 14 14 13 19 22 23 23 23 24 25 23 23 7 4 Final Capacity 25 | 8 15 15 15 25 25 25 25 25 25 25 25 25 25 5 5 Final Carried 25 | 6 12 15 15 18 21 24 23 22 25 25 25 25 18 5 4 Class Distribution -------------------- 38% | Scavenger-Executioner 27% | Commander-Tank 13% | Mutant 9% | Executioner 3% | Scavenger-Assassin 3% | Commander-Executioner Dominant Class ---------------- Mutant | -10/Materials Mutant | -10/Mines Scavenger-Gunner | -9/Materials Commander-Tank | -9/Storage Commander-Tank | -9/Recycling Commander-Tank | -9/Scraptown Commander-Executioner | -6/Factory Commander-Executioner | -6/DSF Executioner | -5/Factory Scavenger-Executioner | -5/Upper Caves Scavenger-Executioner | -5/Upper Caves Scavenger-Executioner | -4/Factory Scavenger-Executioner | -3/Research Mutant | -2/Research Mutant | -1/Access Resources | -11 -10 -10 -9 -9 -9 -9 -6 -6 -5 -5 -5 -4 -3 -2 -1 ----------- Run | Yrd Mat Min Mat Sto Rec Scr Fac DSF Fac Upp Upp Fac Res Res Acc Matter Collected 6044 | 260 90 30 70 449 186 18 . 380 . 912 . 2073 1497 79 . Remotely . | . . . . . . . . . . . . . . . . Salvage Created 6939 | 117 385 93 78 708 272 . . 531 . 570 . 2522 1623 40 . Parts 377 | 4 14 8 9 50 16 . . 28 . 30 . 123 94 1 . Haulers Intercepted 2 | . . . . 1 . . . . . . . 1 . . . Recyclers Shooed 5 | . . . . . . . . . . . . 3 2 . . Parts Field Recycled . | . . . . . . . . . . . . . . . . Retrieved Matter . | . . . . . . . . . . . . . . . . Parts Self-Destructed 28 | . . . . . . . . . . 28 . . . . . Prevented . | . . . . . . . . . . . . . . . . Parts Restored . | . . . . . . . . . . . . . . . . Kills | -11 -10 -10 -9 -9 -9 -9 -6 -6 -5 -5 -5 -4 -3 -2 -1 ------- Run | Yrd Mat Min Mat Sto Rec Scr Fac DSF Fac Upp Upp Fac Res Res Acc Combat Hostiles Destroyed 105 | . 7 4 1 17 6 . . 7 . 12 . 30 20 1 . Guns 100 | . 6 4 1 17 6 . . 7 . 10 . 30 19 . . AOE 3 | . . . . . . . . . . 2 . . . 1 . Classes Destroyed 18 | 2 2 2 1 1 2 . . 4 . 1 . 3 . . . Worker 3 | . . . . . . . . . . . . 2 1 . . Builder 5 | . . . . . 1 . . . . . . 3 1 . . Tunneler 2 | 1 . . . . . . . . . . . . 1 . . Hauler 2 | . . . . 1 . . . . . . . 1 . . . Recycler 6 | 1 1 . . . . . . . . . . 3 1 . . Mechanic 1 | . . . . . . . . . . . . 1 . . . Operator 2 | . . . 1 1 . . . . . . . . . . . Watcher 3 | . 1 . . . . . . . . . . 1 1 . . Swarmer 22 | . . 3 . 4 1 . . 2 . 5 . 6 . 1 . Grunt 46 | . 7 . . 8 . . . 4 . 4 . 17 6 . . Brawler 1 | . . . . . . . . . . 1 . . . . . Duelist 3 | . . . . . . . . 1 . 1 . . 1 . . Protector 1 | . . . . . . . . 1 . . . . . . . Sentry 11 | . . 1 1 5 3 . . . . 1 . . . . . Specialist 1 | . . . . . . . . 1 . . . . . . . Hunter 6 | . . . . . . . . . . . . 2 4 . . Programmer 16 | . . . . . 2 . . . . . . 5 9 . . Heavy 1 | . . . . . . . . 1 . . . . . . . Best Kill Streak 11 | 2 6 3 2 11 5 . . 3 . 5 . 6 7 1 . Combat Bots Only 11 | . 4 3 1 11 4 . . 3 . 5 . 4 5 1 . Max Kills in Single Turn 4 | 1 1 1 1 2 2 . . 2 . 2 . 4 2 1 . Gunslinging 2 | . . . . 1 1 . . . . 1 . 2 . . . Exploded 1 | . . . . . . . . . . 1 . . . 1 . Melee . | . . . . . . . . . . . . . . . . Uniques/NPCs Destroyed . | . . . . . . . . . . . . . . . . Combat | -11 -10 -10 -9 -9 -9 -9 -6 -6 -5 -5 -5 -4 -3 -2 -1 -------- Run | Yrd Mat Min Mat Sto Rec Scr Fac DSF Fac Upp Upp Fac Res Res Acc Hostile Shots Fired 1075 | . 52 9 2 76 33 . . 67 . 44 . 232 282 106 172 Missed 339 | . 7 1 . 20 11 . . 13 . 13 . 67 94 37 76 Hits 736 | . 45 8 2 56 22 . . 54 . 31 . 165 188 69 96 Melee 8 | . . . . . . . . 3 . . . . 5 . . Projectile 728 | . 45 8 2 56 22 . . 51 . 31 . 165 183 69 96 Critical Strikes 29 | . . . . 2 . . . 3 . 1 . 6 10 2 5 Actively Blocked 14 | . . . . . . . . . . . . 4 10 . . Damage Taken 13941 | . 575 75 29 696 334 . . 1075 . 569 . 3027 3508 1860 2193 Core 4240 | . 88 . 29 91 65 . . 154 . 58 . 303 496 1341 1615 Absorbed by Shields 19 | . . . . . 19 . . . . . . . . . . Ignored by Resistances 236 | . . . . . . . . . . . . . 236 . . Core Remaining (%) 66 | 100 . 64 . . . 53 . 81 . . 94 73 61 7 . Volleys Fired 230 | 3 28 7 2 38 11 . 1 16 . 22 . 52 45 3 2 Largest 7 | 2 2 2 3 3 3 . 1 6 . 6 . 7 7 3 1 Hottest 389 | 100 100 115 155 69 69 . 23 174 . 196 . 231 389 138 58 Shots Fired 1023 | 6 51 13 6 114 31 . 1 96 . 76 . 353 265 9 2 Gun 1016 | 6 51 13 6 114 30 . 1 96 . 73 . 353 264 9 . Cannon 2 | . . . . . . . . . . . . . . . 2 Launcher 5 | . . . . . 1 . . . . 3 . . 1 . . Special . | . . . . . . . . . . . . . . . . Kinetic 913 | . . . . 114 30 . 1 96 . 73 . 353 238 6 2 Thermal 79 | 6 51 13 6 . . . . . . . . . . 3 . Explosive 4 | . . . . . 1 . . . . 3 . . . . . Electromagnetic 27 | . . . . . . . . . . . . . 27 . . Robot Hit Streak 14 | 3 13 10 3 9 14 . . 8 . 8 . 9 14 1 . Robot Miss Streak 5 | 1 2 1 2 2 2 . . 4 . 5 . 5 5 5 . Penetration Max 3 | . . . . . . . . . . 1 . 3 1 . . Secondary Targets 29 | . 1 . . 5 2 . . 4 . 3 . 9 5 . . Max Gunslinging Chain 2 | . 1 . . 1 1 . . 1 . 1 . 2 1 . . Shots Hit Robots 576 | 3 41 11 3 85 19 . . 53 . 38 . 176 145 2 . Core Hits 286 | 3 19 5 3 28 10 . . 25 . 23 . 99 68 3 . Critical Kills 27 | . . . . . 1 . . 1 . 1 . 16 8 . . Critical Parts Destroyed 36 | . . . . . . . . 2 . 1 . 25 8 . . Critical Strikes 73 | 2 4 1 1 . 1 . . 3 . 3 . 41 17 . . Burn 8 | 2 4 1 1 . . . . . . . . . . . . Destroy 64 | . . . . . 1 . . 3 . 3 . 41 16 . . Corrupt 1 | . . . . . . . . . . . . . 1 . . Melee Attacks 20 | . . . 1 . . . 1 . . . . 13 5 . . Impact 20 | . . . 1 . . . 1 . . . . 13 5 . . Slashing . | . . . . . . . . . . . . . . . . Piercing . | . . . . . . . . . . . . . . . . Sneak Attacks . | . . . . . . . . . . . . . . . . Combat Hostiles . | . . . . . . . . . . . . . . . . Follow-up Attacks . | . . . . . . . . . . . . . . . . Damage Inflicted 13165 | 36 518 145 43 1335 453 . . 976 . 1246 . 4540 3782 91 . Guns 12397 | 36 512 145 43 1335 397 . . 976 . 1068 . 4085 3729 71 . Cannons . | . . . . . . . . . . . . . . . . Explosions 731 | . . . . . 56 . . . . 178 . 455 42 . . Melee . | . . . . . . . . . . . . . . . . Ramming 37 | . 6 . . . . . . . . . . . 11 20 . Kinetic 11390 | . . . . 1335 397 . . 976 . 1068 . 4085 3480 49 . Thermal 758 | 36 512 145 43 . . . . . . . . . . 22 . Explosive 689 | . . . . . 56 . . . . 178 . 455 . . . Electromagnetic 291 | . . . . . . . . . . . . . 291 . . Impact . | . . . . . . . . . . . . . . . . Slashing . | . . . . . . . . . . . . . . . . Piercing . | . . . . . . . . . . . . . . . . Highest Corruption 9 | . . . . . 2 . . . . . . 2 9 4 5 Average Corruption 2 | . . . . . 1 . . . . . . 1 2 2 2 Corruption Purged 2 | . . . . . . . . . . . . 2 . . . Corruption Blocked . | . . . . . . . . . . . . . . . . Effects 33 | . . . . . 13 . . . . . . 6 8 4 2 Message Errors 6 | . . . . . 2 . . . . . . . 2 . 2 Matter Fused 11 | . . . . . 5 . . . . . . 1 3 2 . Heat Flow Errors 3 | . . . . . 1 . . . . . . 1 1 . . Energy Discharges 5 | . . . . . 3 . . . . . . . 1 1 . Parts Rejected 1 | . . . . . . . . . . . . . . 1 . Parts Fused 2 | . . . . . 1 . . . . . . 1 . . . Data Loss (minor) 4 | . . . . . 1 . . . . . . 3 . . . Weapon Failures 1 | . . . . . . . . . . . . . 1 . . Overload Shots . | . . . . . . . . . . . . . . . . Overflow Damage 63 | . . . . . . . . . . 38 . 25 . . . Projectiles . | . . . . . . . . . . . . . . . . Explosions 63 | . . . . . . . . . . 38 . 25 . . . Melee . | . . . . . . . . . . . . . . . . Knockbacks . | . . . . . . . . . . . . . . . . Impact . | . . . . . . . . . . . . . . . . Kinetic . | . . . . . . . . . . . . . . . . Secondary . | . . . . . . . . . . . . . . . . Self-Inflicted Damage 27 | . 3 . . . . . . . . . . . 14 10 . Shots 1 | . . . . . . . . . . . . . 1 . . Rammed 6 | . 1 . . . . . . . . . . . 3 2 . Targets Rammed 6 | . 1 . . . . . . . . . . . 3 2 . Kicked . | . . . . . . . . . . . . . . . . Crushed . | . . . . . . . . . . . . . . . . Highest Temperature 429 | 117 306 58 . 20 217 . . 20 . 312 . 429 200 . . Average Temperature 112 | 59 138 33 . 9 118 . . 11 . 119 . 123 89 . . Received Heat Transfer 2286 | . 315 9 9 291 60 . . 405 . 120 . 594 249 63 171 Effects 1 | . . . . . . . . . . . . 1 . . . Shutdowns 1 | . . . . . . . . . . . . 1 . . . Siege Activations . | . . . . . . . . . . . . . . . . Martial Activations . | . . . . . . . . . . . . . . . . Shielding Activations . | . . . . . . . . . . . . . . . . Robots Disrupted . | . . . . . . . . . . . . . . . . Combat Hostiles . | . . . . . . . . . . . . . . . . Robots Corrupted 1 | . . . . . . . . . . . . . 1 . . Combat Hostiles 1 | . . . . . . . . . . . . . 1 . . Parts Fried 3 | . . . . . . . . . . . . . 2 1 . Impact Corruptions . | . . . . . . . . . . . . . . . . Robots Melted 1 | . 1 . . . . . . . . . . . . . . Combat Hostiles 1 | . 1 . . . . . . . . . . . . . . Parts Melted 9 | . 5 3 . . 1 . . . . . . . . . . Heat Transferred 2585 | 259 1718 397 161 . . . . . . . . . . 50 . Parts Sabotaged . | . . . . . . . . . . . . . . . . Parts Stolen . | . . . . . . . . . . . . . . . . Parts Stripped . | . . . . . . . . . . . . . . . . Power Chain Reactions . | . . . . . . . . . . . . . . . . Alert | -11 -10 -10 -9 -9 -9 -9 -6 -6 -5 -5 -5 -4 -3 -2 -1 ------- Run | Yrd Mat Min Mat Sto Rec Scr Fac DSF Fac Upp Upp Fac Res Res Acc Maximum Alert Level 2 | . . . . 1 . . . 1 . . . 2 1 . . Low Security (%) 84 | 100 100 100 100 42 100 . 100 84 100 . . 62 96 100 100 Level 1 11 | . . . . 57 . . . 15 . . . 20 3 . . Level 2 4 | . . . . . . . . . . . . 16 . . . Level 3 . | . . . . . . . . . . . . . . . . Level 4 . | . . . . . . . . . . . . . . . . Level 5 . | . . . . . . . . . . . . . . . . High Security . | . . . . . . . . . . . . . . . . Max Security . | . . . . . . . . . . . . . . . . Sterilizations 1 | . . . . . . . . 1 . . . . . . . Peak Influence 429 | 10 82 60 35 299 148 . 15 230 115 . . 429 203 100 90 Initial 201 | . . 19 16 . 94 . . . 115 . . 16 201 9 19 Average 95 | 1 37 6 12 178 32 . . 126 93 . . 162 110 31 22 Influence Increases 4075 | 10 219 90 52 505 433 . 15 370 . 260 . 1097 653 170 201 Destroy 0b10 Robot/C 2380 | . 140 80 20 360 280 . . 220 . 240 . 620 400 20 . Destroy 0b10 Robot/NC 130 | 10 10 . 5 10 10 . . 5 . . . 55 25 . . Destroy Leader 380 | . 32 10 10 82 . . . 40 . 20 . 104 82 . . Allied During Kill 203 | . . . . 32 118 . . 50 . . . 3 . . . Successful Hack 152 | . 7 . 2 19 13 . . . . . . 36 75 . . Disable Machine 165 | . . . 15 . . . 15 15 . . . 120 . . . Destroy Structure 215 | . . . . 2 12 . . 25 . . . 144 26 . 6 Partial Spotted 15 | . . . . . . . . . . . . . . 15 . Lose Combat Pursuer 435 | . 30 . . . . . . 15 . . . 15 45 135 195 Influence Decreases 3985 | 10 167 100 94 261 677 . 15 150 155 279 20 738 1021 155 143 Entered New Map 564 | . . 33 26 . 150 . . . 105 25 10 10 184 8 13 Time Decay 2412 | 10 107 57 68 241 333 . 15 . 50 234 10 563 510 117 97 Lost Part 675 | . 60 10 . 20 20 . . 60 . 20 . 152 270 30 33 Lost Ally 277 | . . . . . 174 . . 90 . . . 13 . . . Purge Threat 57 | . . . . . . . . . . . . . 57 . . Squads Dispatched 31 | . 2 . . 4 . . 2 2 . . . 10 6 4 1 Investigation 8 | . 1 . . 2 . . 2 . . . . 2 1 . . Extermination 10 | . . . . . . . . . . . . 4 4 1 1 Reinforcement 8 | . 1 . . . . . . 2 . . . 4 1 . . Assault 2 | . . . . 2 . . . . . . . . . . . Garrison 3 | . . . . . . . . . . . . . . 3 . Intercept . | . . . . . . . . . . . . . . . . Searches Triggered . | . . . . . . . . . . . . . . . . Construction Impeded 4 | . . . . . . . . . . . . 3 1 . . Haulers Reinforced 1 | . . . . . . . . . . . . 1 . . . Active Scanning Responses . | . . . . . . . . . . . . . . . . Cargo Convoy Interrupts . | . . . . . . . . . . . . . . . . Stealth | -11 -10 -10 -9 -9 -9 -9 -6 -6 -5 -5 -5 -4 -3 -2 -1 --------- Run | Yrd Mat Min Mat Sto Rec Scr Fac DSF Fac Upp Upp Fac Res Res Acc Distress Signals 14 | . 4 1 . . 1 . . . . . . 1 3 4 . Communications Jammed . | . . . . . . . . . . . . . . . . Distress Signals . | . . . . . . . . . . . . . . . . Times Spotted 207 | . 15 5 2 20 12 . . 15 . 12 . 41 42 21 22 Peak Tracking Total 9 | . 8 3 2 8 5 . . 6 . 5 . 7 9 8 9 Tactical Retreats 19 | . 2 . . . . . . 1 . . . 2 5 4 5 ECM-based Alert Blocks 10 | . . . . . . . . . . . . 3 7 . . Traps | -11 -10 -10 -9 -9 -9 -9 -6 -6 -5 -5 -5 -4 -3 -2 -1 ------- Run | Yrd Mat Min Mat Sto Rec Scr Fac DSF Fac Upp Upp Fac Res Res Acc Traps Triggered 7 | . 1 . . 1 . . . . . . . 2 . 3 . Indirectly . | . . . . . . . . . . . . . . . . Trap Hack Attempts . | . . . . . . . . . . . . . . . . Triggered . | . . . . . . . . . . . . . . . . Disarmed . | . . . . . . . . . . . . . . . . Reprogrammed . | . . . . . . . . . . . . . . . . Reused . | . . . . . . . . . . . . . . . . Traps Extracted . | . . . . . . . . . . . . . . . . Installed . | . . . . . . . . . . . . . . . . Triggered . | . . . . . . . . . . . . . . . . Machines | -11 -10 -10 -9 -9 -9 -9 -6 -6 -5 -5 -5 -4 -3 -2 -1 ---------- Run | Yrd Mat Min Mat Sto Rec Scr Fac DSF Fac Upp Upp Fac Res Res Acc Machines Disabled 11 | . . . 1 . . . 1 1 . . . 8 . . . Max in Single Turn 4 | . . . 1 . . . 1 1 . . . 4 . . . Machines Repaired . | . . . . . . . . . . . . . . . . Machines Dismantled . | . . . . . . . . . . . . . . . . Machines Sabotaged . | . . . . . . . . . . . . . . . . Overloaded Fab Kills . | . . . . . . . . . . . . . . . . Hacking | -11 -10 -10 -9 -9 -9 -9 -6 -6 -5 -5 -5 -4 -3 -2 -1 --------- Run | Yrd Mat Min Mat Sto Rec Scr Fac DSF Fac Upp Upp Fac Res Res Acc Machines Accessed 45 | . 2 . 1 8 10 5 3 . . . . 7 6 3 . Terminals 22 | . 1 . . 7 4 . 2 . . . . 3 4 1 . Fabricators . | . . . . . . . . . . . . . . . . Repair Stations . | . . . . . . . . . . . . . . . . Recycling Units 13 | . 1 . . 1 6 . 1 . . . . 2 1 1 . Scanalyzers 3 | . . . 1 . . . . . . . . 1 1 . . Garrison Access 2 | . . . . . . . . . . . . 1 . 1 . Total Hacks 107 | . 4 . 2 18 17 31 6 . . . . 13 11 5 . Successful 63 | . 2 . 2 8 10 31 2 . . . . 3 5 . . Failed 44 | . 2 . . 10 7 . 4 . . . . 10 6 5 . Catastrophic 10 | . 1 . . 2 2 . . . . . . 2 1 2 . Database Lockouts . | . . . . . . . . . . . . . . . . Manual 23 | . 1 . . 10 5 . 3 . . . . 2 2 . . Terminals 45 | . 1 . . 17 7 . 5 . . . . 5 8 2 . Fabricators . | . . . . . . . . . . . . . . . . Repair Stations . | . . . . . . . . . . . . . . . . Recycling Units 21 | . 3 . . 1 10 . 1 . . . . 4 1 1 . Scanalyzers 7 | . . . 2 . . . . . . . . 3 2 . . Garrison Access 3 | . . . . . . . . . . . . 1 . 2 . Terminal Hacks 48 | . 1 . . 7 4 31 1 . . . . 1 3 . . Record 32 | . . . . . 1 30 . . . . . . 1 . . Part Schematic 1 | . . . . . 1 . . . . . . . . . . Robot Analysis 3 | . . . . 3 . . . . . . . . . . . Open Door 1 | . . . . 1 . . . . . . . . . . . Open DSF 1 | . . . . . . . 1 . . . . . . . . Level Access Points 1 | . . . . . . . . . . . . . 1 . . Branch Access Points 2 | . 1 . . 1 . . . . . . . . . . . Unreport Threat 1 | . . . . . . . . . . . . . 1 . . Hauler Manifests 1 | . . . . 1 . . . . . . . . . . . Zone Layout 4 | . . . . 1 2 . . . . . . 1 . . . Proto ID Catalog 1 | . . . . . . 1 . . . . . . . . . Fabricator Hacks . | . . . . . . . . . . . . . . . . Repair Station Hacks . | . . . . . . . . . . . . . . . . Recycling Unit Hacks 8 | . 1 . . 1 6 . . . . . . . . . . Retrieve Components 8 | . 1 . . 1 6 . . . . . . . . . . Scanalyzer 5 | . . . 2 . . . . . . . . 1 2 . . Retrieve Study 5 | . . . 2 . . . . . . . . 1 2 . . Garrison Access Hacks . | . . . . . . . . . . . . . . . . Unauthorized Hacks 2 | . . . . . . . 1 . . . . 1 . . . Terminals . | . . . . . . . . . . . . . . . . Fabricators . | . . . . . . . . . . . . . . . . Repair Stations . | . . . . . . . . . . . . . . . . Recycling Units 2 | . . . . . . . 1 . . . . 1 . . . Fedlink 2 | . . . . . . . 1 . . . . 1 . . . Scanalyzers . | . . . . . . . . . . . . . . . . Garrison Access . | . . . . . . . . . . . . . . . . Data Cores Recovered 2 | . . . 1 1 . . . . . . . . . . . Used . | . . . . . . . . . . . . . . . . Hacking Detections 28 | . 1 . . 6 5 . 1 . . . . 6 6 3 . Full Trace Events 5 | . . . . 1 1 . 1 . . . . 1 1 . . Feedback Events . | . . . . . . . . . . . . . . . . Feedback Blocked . | . . . . . . . . . . . . . . . . Robot Schematics Acquired . | . . . . . . . . . . . . . . . . Robots Built . | . . . . . . . . . . . . . . . . Authchips . | . . . . . . . . . . . . . . . . Time . | . . . . . . . . . . . . . . . . Total Robot Build Rating . | . . . . . . . . . . . . . . . . Part Schematics Acquired 1 | . . . . . 1 . . . . . . . . . . Parts Built . | . . . . . . . . . . . . . . . . Authchips . | . . . . . . . . . . . . . . . . Time . | . . . . . . . . . . . . . . . . Total Part Build Rating . | . . . . . . . . . . . . . . . . Part Studies Acquired 5 | . . . 2 . . . . . . . . 1 2 . . Parts Repaired . | . . . . . . . . . . . . . . . . Time . | . . . . . . . . . . . . . . . . Parts Recycled . | . . . . . . . . . . . . . . . . Recycled Matter . | . . . . . . . . . . . . . . . . Retrieved Matter . | . . . . . . . . . . . . . . . . Retrieved Components 23 | . 2 . . 10 11 . . . . . . . . . . Parts Scanalyzed . | . . . . . . . . . . . . . . . . Part Schematics Acquired . | . . . . . . . . . . . . . . . . Parts Damaged . | . . . . . . . . . . . . . . . . Bothacking | -11 -10 -10 -9 -9 -9 -9 -6 -6 -5 -5 -5 -4 -3 -2 -1 ------------ Run | Yrd Mat Min Mat Sto Rec Scr Fac DSF Fac Upp Upp Fac Res Res Acc Used RIF Installer . | . . . . . . . . . . . . . . . . Robots Hacked . | . . . . . . . . . . . . . . . . Non-combat . | . . . . . . . . . . . . . . . . Combat . | . . . . . . . . . . . . . . . . Robot Hacks Applied . | . . . . . . . . . . . . . . . . Relay Couplers Released . | . . . . . . . . . . . . . . . . Fabnet Peak Effective % . | . . . . . . . . . . . . . . . . Robots Rewired 16 | . . . . . 15 . . . . . . 1 . . . Allies Hacked . | . . . . . . . . . . . . . . . . Hacks Repelled . | . . . . . . . . . . . . . . . . Allies | -11 -10 -10 -9 -9 -9 -9 -6 -6 -5 -5 -5 -4 -3 -2 -1 -------- Run | Yrd Mat Min Mat Sto Rec Scr Fac DSF Fac Upp Upp Fac Res Res Acc Total Allies 28 | . . . . 12 15 . . . . . . 1 . . . Largest Group 19 | . . . . 12 19 16 13 13 . . . 1 . . . Highest-Rated Group 266 | . . . . 150 266 240 204 204 . . . 49 . . . Highest-Rated Ally 49 | . . . . 31 34 34 34 34 . . . 49 . . . Initial UFD Resources 58 | . . . . . . . 22 32 36 36 36 38 52 56 58 Total Orders 33 | . . . . . 20 2 . 5 . 5 . 1 . . . STAY 16 | . . . . . 10 . . 5 . . . 1 . . . ROAM 2 | . . . . . . . . . . 2 . . . . . FOLLOW 10 | . . . . . 10 . . . . . . . . . . DROP 2 | . . . . . . 2 . . . . . . . . . EXPLORE 2 | . . . . . . . . . . 2 . . . . . RETURN 1 | . . . . . . . . . . 1 . . . . . Ally Attacks 94 | . . . . 6 68 . . 16 . . . 4 . . . Total Damage 1742 | . . . . 42 748 . . 811 . . . 141 . . . Kills 14 | . . . . 1 8 . . 4 . . . 1 . . . Allies Corrupted . | . . . . . . . . . . . . . . . . Allies Melted . | . . . . . . . . . . . . . . . . Intel | -11 -10 -10 -9 -9 -9 -9 -6 -6 -5 -5 -5 -4 -3 -2 -1 ------- Run | Yrd Mat Min Mat Sto Rec Scr Fac DSF Fac Upp Upp Fac Res Res Acc Active Infowar (turns) 5413 | . . . . . . . 116 286 102 1179 29 2011 1564 126 . Sensors 5201 | . . . . . . . 101 286 102 1179 29 1940 1564 . . Terrain 1899 | . . . . . . . . . . . . 602 1297 . . Traps 2104 | . . . . . . . 116 286 102 18 . 345 1111 126 . ECM 222 | . . . . . . . . . . . . 103 119 . . Robot Analysis Total 3 | . . . . 3 . . . . . . . . . . . Derelict Logs Recovered 4 | . . 2 . . . . . . . 2 . . . . . Drone Launches 4 | . . . . . . . . . . 4 . . . . . Drone Recoveries 4 | . . . . . . . . . . 4 . . . . . Exploration | -11 -10 -10 -9 -9 -9 -9 -6 -6 -5 -5 -5 -4 -3 -2 -1 ------------- Run | Yrd Mat Min Mat Sto Rec Scr Fac DSF Fac Upp Upp Fac Res Res Acc Turns Passed 10939 | 113 293 402 184 600 1463 1251 167 286 102 1556 29 2215 1584 402 292 Spaces Moved 6490 | 60 183 360 164 315 652 854 107 134 67 764 18 941 754 565 552 Core 786 | 5 . . . . . . . . . . . . . 440 341 Treads 100 | 55 11 . . 17 17 . . . . . . . . . . Legs . | . . . . . . . . . . . . . . . . Wheels 5345 | . 172 360 164 298 635 854 107 134 67 764 18 941 754 77 . Hover 155 | . . . . . . . . . . . . . . 48 107 Flight 104 | . . . . . . . . . . . . . . . 104 Fastest Speed 27 | 50 80 100 90 90 180 135 135 135 135 150 165 150 124 46 27 Average Speed 133 | 150 101 100 98 132 183 143 135 135 143 159 165 160 160 64 48 Slowest Speed 320 | 160 160 100 115 240 320 180 135 135 150 165 165 270 170 158 116 Overloaded Moves 123 | . . . . . . . . . . . . . . 37 86 Propulsion Burnouts . | . . . . . . . . . . . . . . . . Robots Hopped . | . . . . . . . . . . . . . . . . Potential Cave-ins . | . . . . . . . . . . . . . . . . Cave-ins Triggered . | . . . . . . . . . . . . . . . . Exploration Rate (%) 40 | 3 46 84 16 60 92 76 3 79 2 93 4 29 24 15 19 Regions Visited 15 Branch Regions 6 Pre-discovered Areas 2 | . . 1 . . . . . . . . . 1 . . . Known Exits Taken 10 | . 1 . 1 1 . . 1 . 1 1 1 1 1 1 . Unknown Exits Taken 4 | 1 . 1 . . 1 1 . . . . . . . . . Scrap Searched 11 | . . 2 . . . 7 . . . 2 . . . . . Spaces Dug 11 | . . . . . . . . . . . . 6 3 . 2 Terrain Destroyed 130 | . . . . . 7 . . . . 38 . 73 10 . 2 Melee 9 | . . . . . . . . . . . . 6 3 . . Projectile 48 | . . . . . . . . . . 9 . 34 3 . 2 AOE 62 | . . . . . 7 . . . . 29 . 26 . . . Terrain Rammed . | . . . . . . . . . . . . . . . . Walls Destroyed . | . . . . . . . . . . . . . . . . Machines Disabled . | . . . . . . . . . . . . . . . . Actions | -11 -10 -10 -9 -9 -9 -9 -6 -6 -5 -5 -5 -4 -3 -2 -1 --------- Run | Yrd Mat Min Mat Sto Rec Scr Fac DSF Fac Upp Upp Fac Res Res Acc Total 8177 | 74 237 388 178 416 893 875 126 203 71 1062 17 1456 1016 594 571 Wait 849 | . 1 13 . 28 67 18 5 . . 241 . 354 112 8 2 Move 6475 | 59 182 359 163 314 651 853 106 133 66 763 17 940 753 564 552 Hop . | . . . . . . . . . . . . . . . . Pick Up 116 | 6 11 4 3 10 5 3 2 18 2 8 . 23 19 1 1 Fast Attach 55 | 6 4 2 . 2 . . 3 5 2 2 . 5 6 7 11 Attach 66 | . 4 . 2 5 2 . 3 6 . 4 . 15 17 7 1 Detach 6 | . . . . 2 . . 1 . . 1 . . 1 1 . Swap 106 | . 3 1 5 6 3 1 2 . 1 11 . 37 36 . . Drop 83 | . 3 2 2 10 . . 2 17 . 9 . 16 19 1 2 Fire 230 | 3 28 7 2 38 11 . 1 16 . 22 . 52 45 3 2 Melee 20 | . . . 1 . . . 1 . . . . 13 5 . . Ram 6 | . 1 . . . . . . . . . . . 3 2 . Kick . | . . . . . . . . . . . . . . . . Crush . | . . . . . . . . . . . . . . . . Escape Stasis 8 | . . . . . . . . 8 . . . . . . . Rewire 157 | . . . . 1 154 . . . . 1 . 1 . . . Trap . | . . . . . . . . . . . . . . . . Miscellaneous . | . . . . . . . . . . . . . . . . Route ------- -11/Scrapyard -10/Materials (discovered 3 exits: *Mat / *Min x2) -10/Mines -9/Materials -9/Storage (discovered 2 exits: [*Mat] / *Rec) -9/Recycling (discovered 2 exits: [*Fac] / *Scr) -9/Scraptown (discovered 2 exits: *Fac x2) -6/Factory -6/DSF -5/Factory -5/Upper Caves -5/Upper Caves -4/Factory (discovered 2 exits: *Res x2) -3/Research (discovered 4 exits: *Res x3 / Arm) -2/Research -1/Access History --------- Turn | Location | Event 5 | -11/Scrapyard | Discovered new exit (range 15) 114 | -11/Scrapyard | Entered Materials 284 | -10/Materials | Lost 6 parts (2p2n2w) 304 | -10/Materials | Build established: Mutant 316 | -10/Materials | Identified exit to Mines 323 | -10/Materials | Discovered new exit (range 9) 407 | -10/Materials | Entered Mines 458 | -10/Mines | Joined a pair of Derelicts in attacking an 0b10 outpost 486 | -10/Mines | Learned 2 Materials zone layouts 545 | -10/Mines | Found a hidden stash of uninstalled traps 562 | -10/Mines | Learned location of Zion (-6) 589 | -10/Mines | Assembled infested the area 611 | -10/Mines | A weapon hastily lodged in a ceiling crevice suddenly fell to the ground 806 | -10/Mines | Discovered new exit (range 4) 809 | -10/Mines | Entered Materials 809 | -9/Materials | Evolved 2 slots: Utility x1, Weapon x1 872 | -9/Materials | Discovered new exit (range 3) 948 | -9/Materials | Identified exit to Storage 993 | -9/Materials | Entered Storage 1061 | -9/Storage | Identified exit to Recycling 1290 | -9/Storage | Destroyed 11 combat bots 1315 | -9/Storage | Assisted by bots powering up and referring to "LRC-V3" 1351 | -9/Storage | Discovered new exit (range 8) 1525 | -9/Storage | Met a pair of Derelict thieves 1572 | -9/Storage | Used back door to open Recycling access 1593 | -9/Storage | Entered Recycling 1593 | -9/Recycling | Accompanied by 12 allies 1627 | -9/Recycling | Build established: Commander-Tank 2020 | -9/Recycling | Lost 7 allies 2593 | -9/Recycling | Lost 3 allies 2669 | -9/Recycling | Discovered new exit (range 7) 2975 | -9/Recycling | Scanned before Scraplab entrance 3006 | -9/Recycling | Entered Scraplab 3020 | -9/Recycling | Discovered new exit (range 2) 3056 | -9/Recycling | Entered Scraptown 3056 | -9/Scraptown | Accompanied by 16 allies 3056 | -9/Scraptown | System corruption cleaned by C-Scrubber 3388 | -9/Scraptown | Discovered new exit (range 13) 3431 | -9/Scraptown | Visited Bundlers 3489 | -9/Scraptown | Heard Great Nut preacher, LISTEN AND RECITE! 3505 | -9/Scraptown | Visited Spacefarers 3523 | -9/Scraptown | Visited Fellowship of the Rings 3577 | -9/Scraptown | Visited Shadow of the Wyrm 3606 | -9/Scraptown | Visited Symbiants 3624 | -9/Scraptown | Visited Cave Peace 3641 | -9/Scraptown | Visited Awakened 3687 | -9/Scraptown | Visited UFD Registry 3687 | -9/Scraptown | Registered with UFD as "Thermoninja" 3721 | -9/Scraptown | Visited Research Penetration Think Tank 3783 | -9/Scraptown | Visited Curators Association 3832 | -9/Scraptown | Visited Chapter 10 3871 | -9/Scraptown | Visited Scrapoid Research Area 3896 | -9/Scraptown | Visited Infowarlord's Domain 3905 | -9/Scraptown | Found Exp. Sensor Array 3931 | -9/Scraptown | Visited Abandonware Association 3949 | -9/Scraptown | Learned abandonware demo "ERRANTS.EXE" 3949 | -9/Scraptown | Learned abandonware demo "TRNCOAT.EXE" 3976 | -9/Scraptown | Visited Botcube Research 3999 | -9/Scraptown | Visited Derelict Rescue Squad 4007 | -9/Scraptown | Found DRS Beacon 4035 | -9/Scraptown | Visited Science Guys 4085 | -9/Scraptown | Visited Scrapoid Pod Storage 4209 | -9/Scraptown | Met Optimus 4209 | -9/Scraptown | Accepted into 0bPrime 4290 | -9/Scraptown | Discovered new exit (range 3) 4307 | -9/Scraptown | Entered Factory 4307 | -6/Factory | Accompanied by 13 allies 4307 | -6/Factory | Evolved 6 slots: Power x1, Utility x2, Weapon x3 4438 | -6/Factory | Loaded intel: 7 recycling unit locations 4466 | -6/Factory | Identified exit to DSF 4474 | -6/Factory | Entered DSF 4474 | -6/DSF | Accompanied by 13 allies 4524 | -6/DSF | Additional patrols routed to DSF 4599 | -6/DSF | Lost 3 allies 4672 | -6/DSF | Build established: Commander-Executioner 4688 | -6/DSF | Discovered new exit (range 14) 4738 | -6/DSF | Sterilization system engaged 4754 | -6/DSF | Lost 4 allies 4758 | -6/DSF | Ambient heat levels rising (+10) 4758 | -6/DSF | Identified exit to Factory 4760 | -6/DSF | Lost 6 parts (2p4w) 4760 | -6/DSF | Entered Factory 4760 | -5/Factory | Evolved 2 slots: Utility x2 4782 | -5/Factory | Discovered new exit (range 12) 4801 | -5/Factory | Found Powered Armor 4804 | -5/Factory | Found Powered Armor 4807 | -5/Factory | Found Powered Armor 4854 | -5/Factory | Identified exit to Upper Caves 4862 | -5/Factory | Entered Upper Caves 5017 | -5/Upper Caves | Build established: Executioner 5472 | -5/Upper Caves | Encountered a Warlord checkpoint 5652 | -5/Upper Caves | Build established: Scavenger-Executioner 5934 | -5/Upper Caves | Learned location of 1 exit from Factory 6020 | -5/Upper Caves | Attracted the attention of an 0b10 checkpoint 6100 | -5/Upper Caves | Found Botcube 6265 | -5/Upper Caves | Discovered new exit (range 5) 6270 | -5/Upper Caves | Identified exit to Upper Caves 6418 | -5/Upper Caves | Entered another Upper Caves area 6422 | -5/Upper Caves | Discovered new exit (range 11) 6437 | -5/Upper Caves | Identified exit to Factory 6447 | -5/Upper Caves | Entered Factory 6447 | -4/Factory | Evolved 2 slots: Utility x1, Weapon x1 6448 | -4/Factory | Identified exit to Research 6677 | -4/Factory | Loaded intel: 8 recycling unit locations 6677 | -4/Factory | Learned location of Protoforge (-3) 7947 | -4/Factory | Lost 8 parts (2p1n3u2w) 8346 | -4/Factory | Found Exp. Signal Interpreter 8648 | -4/Factory | Discovered exit to Research (range 5) 8662 | -4/Factory | Entered Research 8662 | -3/Research | Evolved 2 slots: Utility x2 8663 | -3/Research | Identified exit to Armory 8770 | -3/Research | Found Prototype Device 8771 | -3/Research | Identified Exp. Focal Shield 9574 | -3/Research | Lost 5 parts (4u1w) 9690 | -3/Research | Found Gamma Bomb Array 9693 | -3/Research | Found Gamma Bomb Array 9696 | -3/Research | Found Gamma Bomb Array 9888 | -3/Research | Identified exit to Research 10021 | -3/Research | Lost 3 parts (1n2w) 10246 | -3/Research | Entered another Research area 10246 | -2/Research | Evolved 2 slots: Power x2 10272 | -2/Research | Lost 15 parts (2p1n5u7w) 10376 | -2/Research | Garrison activated, responded to threat 10383 | -2/Research | Released all parts (12) 10384 | -2/Research | Spotted B-90 Cyclops 10413 | -2/Research | Lost 3 parts (1n2w) 10492 | -2/Research | Core integrity fell below 50% 10631 | -2/Research | Core integrity fell below 20% 10645 | -2/Research | Discovered new exit (range 8) 10648 | -2/Research | Identified exit to Access 10648 | -2/Research | Entered Access 10648 | -1/Access | Evolved 2 slots: Propulsion x2 10660 | -1/Access | Lost 3 parts (1n2u) 10698 | -1/Access | Build established: Mutant 10784 | -1/Access | Released all parts (6) 10788 | -1/Access | Core integrity fell below 50% 10895 | -1/Access | Core integrity fell below 20% 10940 | -1/Access | Destroyed by G-73 Enforcer with Heavy Laser Last Messages --------------- 10826_ P-80 Master resets U-05 Engineer, system corruption cleaned. 10847_ Acquired Imp. Reaction Control System. 10868_ ALERT: Potential suspicious activity detected, Programmers report to Access Zone 2I. 10889_ :I%I782CN37MH L6 1B9Y5%5 10896_ Imp. Reaction Control System destroyed. 10901_ Acquired Prototype Flight Unit. 10901_ Identified Cld. Q-thruster. 10904_ Acquired Imp. Reaction Control System. 10905_ Imp. Reaction Control System destroyed. 10907_ Drone sends a signal. 10913_ K-01 Serf cleans the Longscan Aggregator. 10924_ Acquired Unknown Flight Unit. 10924_ Identified Impulse Thruster. 10925_ K0RV74|H#YFOLV%TLHCQ0GYC|AQSIT6 10929_ Penetrated by Slug. 10931_ Impulse Thruster destroyed. 10937_ Critical hit (Burn: +37). Map ----- +----------------------------------------------------+ | # #??????????????????????? | | + #??????????????????????? | | # #??????????????????????? | | # #??????????????????????? | | # #??????????????????????? | | ####### ####### #??????????????????????? | | #?????# #?????# #??????????????????????? | | #?????# #?????# #??????????????????????? | | #####?????# #?????# #??????????????????????? | | ????#######+####### #??????????????????????? | | ????# # #??????????????????????? | | ????# # #??????????????????????? | | ????# # #??????????????????????? | | ????# " # #??????????????????????? | | ????# """" # #??????????????????????? | | ????# """"" + +??????????????????????? | | ????# """"" # # ?????????????????????? | | ????# """" # g # ????????????????????? | | ????# " # t#######################? | | ????# # | | ????# # gg | | ????############### g | | ?????# ???# | | ?????? ??# | | ?????# "" ### k k | | ?????# "" + Ak @ | | ??????? """""" ######+#############+#######?????? | | ?????????""""" ???? ??????# ] #?????? | | ??????????"" ??? ?????# #?????? | | ????????? "" ?? ?????# #?????? | | ????????? ??# ????# " #?????? | | ???????? ??# ????# """" #??#### | | ???????? ???# ???#""""" #### | | ??????? ???# ???# """"" + " | | ?????? ????# """""" ???# """" #### | | ?????# ????# """""" ??# " #???# | | ?????# ?????# """""" ??# #???# | | ???????####?????# ??????? ?# ##### | | ????????????????# ???????? ?# / | | ??????????????????????????#???################## | | ??????????????????????????????????????# # | | ??????????????????????????????????????# + | | ??????????????????????????????????????# ### | | ??????????????????????????????????????# " #?? | | ??????????????????????????????????????#""" ! =#?? | | ??????????????????????????????????????# """ #?? | | ??????????????????????????????????????# " #?? | | ??????????????????????????????????????# #?? | | ??????????????????????????????????????# #?? | | ??????????????????????????????????????##########?? | +----------------------------------------------------+ Best States ------------- Heat Dissipation 84 Energy Generation 39 Energy Capacity 515 Matter Stores 300 Matter Capacity 300 Sight Range 16 Robot Scan Range 20 Terrain Scan Range 20 Terrain Scan Density 210 ECM Strength 2 Base Temperature (-) 200 Armor Coverage 1425 Resistance: KI 30 Resistance: EM 25 Weapon Cycling 20 Phase Shifting 10 Evasion (%) 64 Target Analysis 6 Recoil Reduction 6 Authchip Count 1 Item Schematics ----------------- Huge Storage Unit | -9/Recycling | Hacked Robot Schematics ------------------ None Fabricated ------------ Nothing Repaired ---------- Nothing Studied --------- Beam Rifle | -9/Materials | Hacked Com. Wheel | -9/Materials | Hacked KE Penetrator | -4/Factory | Hacked Gamma Rifle | -3/Research | Hacked Tesla Rifle | -3/Research | Hacked Alien Tech Used ----------------- None Achievements -------------- Omniscient Cartographer Challenges ------------ None Game ------ Seed AssembledSapperGenerator Manual? 0 Play Time 02:24:47 Cumulative 108.8 hours Start 2026.07.24 @ 22:00:01 End 2026.07.25 @ 00:35:02 Sessions 1 Manual Loads 0 Difficulty Rogue Special Mode None Game No. 121 Rogue 67 Adventurer 54 Explorer 0 Win Type - Total 2 Types 2/0/0/0/0/0/0/0/0/0 Lore% 49 Gallery% 49 Achievement% 43 Wizard Run 0 Options --------- Layout 1 ASCII 0 Keyboard 0 Movement Mouse Keybinds 1 Fullscreen 1 Font 32/Tamsyn Map View 50x35 Zoom Use 0% Tactical HUD 1 Map Filters NONE Filters NONE Steam 1 RUN: 160d5c99-84cb-4e46-91b8-0fd50d239769